 Dungeon Crawl Stone Soup version 0.27-a0-124-g19cb506db8 (webtiles) character file.

Game seed: 15469681033223023867

1358 kae the Ruffian (level 8, -9/66 HPs)
             Began as a White Draconian Transmuter on Jan 25, 2021.
             Mangled by a hornet (15 damage)
             ... on level 8 of the Dungeon.
             The game lasted 00:05:08 (7937 turns).

kae the Ruffian (White Draconian Transmuter)        Turns: 7937, Time: 00:05:09

Health: -9/66      AC:  2    Str: 14    XL:     8   Next: 37%
Magic:  13/13      EV: 22    Int: 13    God:
Gold:   246        SH:  0    Dex: 18    Spells: 10/14 levels left

rFire    x . .     SeeInvis .     - Unarmed
rCold    + . .     Faith    .   (shield currently unavailable)
rNeg     . . .     Spirit   .   (armour unavailable)
rPois    x         Reflect  .   (helmet currently unavailable)
rElec    .         Harm     .   (cloak currently unavailable)
rCorr    .         Rampage  .   (gloves currently unavailable)
Will     .....                  (boots currently unavailable)
Stlth    ++........             t - amulet of magic regeneration
HPRegen  0.21/turn              (no ring)
MPRegen  0.38/turn              h - ring of ice

@: lethally poisoned (-9 -> -14), spider-form (expiring), slowed, very slow
A: tiny, (breathe frost), unfitting armour, AC +6
a: End Transformation


You were on level 8 of the Dungeon.
You were a venomous arachnid creature.
You visited 1 branch of the dungeon, and saw 6 of its levels.
You also visited: Sewer.

You collected 403 gold pieces.
You spent 157 gold pieces at shops.

Inventory:

Armour
 j - a +2 pair of gloves (melded)
 m - a +0 cloak of preservation (melded)
Jewellery
 f - an uncursed ring of fire
 h - a ring of ice (right front leg)
 l - an uncursed ring of ice
 t - an amulet of magic regeneration (around neck)
Scrolls
 c - a scroll of blinking
 d - 2 scrolls of remove curse
 g - 2 scrolls of fear
 i - a scroll of amnesia
 p - a scroll of teleportation
 v - a scroll of enchant armour
Potions
 b - 2 potions of might
 e - 3 potions of magic
 k - 2 potions of flight
 n - a potion of berserk rage
 o - a potion of brilliance
 r - a potion of haste
 u - a potion of curing


   Skills:
 + Level 3.9 Fighting
 + Level 3.7 Dodging
 * Level 6.1 Unarmed Combat
 + Level 3.8 Spellcasting
 + Level 5.3 Transmutations
 - Level 3.0 Poison Magic


You had 10 spell levels left.
You knew the following spells:

 Your Spells              Type           Power        Failure   Level
a - Beastly Appendage     Tmut           32%          9%          1
b - Spider Form           Tmut/Pois      6%           28%         3

Your spell library contained the following spells:

 Spells                   Type           Power        Failure   Level
 Wereblood                Tmut           16%          12%         2
 Blade Hands              Tmut           8%           75%         5
 Ice Form                 Ice/Tmut       14%          77%         4


Dungeon Overview and Level Annotations

Branches:
Dungeon (5/15)             Temple (0/1) D:5           Sewer (visited)

Altars:
Fedhas
Hepliaklqana

Shops:
D:4 [:

Annotations:
D:4 1 runed translucent door, kae's ghost, amateur OpTm
D:8 1 runed translucent door, Life0's ghost, novice TeBe


Innate Abilities, Weirdness & Mutations

((You can breathe waves of freezing cold.))
((You can buffet flying creatures when you breathe cold.))
((Your icy white scales are hard. (AC +6)))
You cannot fit into any form of body armour.
((Your flesh is cold resistant. (rC+)))
((You are cold-blooded and may be slowed by cold attacks.))


Message History

The hornet is moderately wounded.
You feel sick. The hornet completely misses you. The hornet stings you!
* * * LOW HITPOINT WARNING * * *
You feel as though you will be slow longer.
You hit the hornet.
The hornet is moderately wounded.
You feel sick. The hornet completely misses you.
The hornet stings you but does no damage.
You hit the hornet but do no damage.
The hornet is poisoned.
The hornet is moderately wounded.
You feel sick. The hornet completely misses you. The hornet misses you.
The hornet stings you.
* * * LOW HITPOINT WARNING * * *
You feel as though you will be slow longer.
You barely miss the hornet.
The hornet is heavily wounded.
Your transformation is almost over.
* * * LOW HITPOINT WARNING * * *
You feel sick. The hornet misses you. The hornet stings you!
You die...

#..#####...#)#.#.
#...........(÷.).
#.#######..#÷#)##
#.# # #.#.# #.#
#.#.## #.# #.#...
. #.########
#.####
....####.........
..
.<..'.ys.........
..
....#############
.


You could see a hornet (very poisoned).

Vanquished Creatures
  A water moccasin (D:8)
  3 ogres
  4 big kobolds
  2 scorpions
  A hound (D:4)
  Crazy Yiuf (D:3)
  4 orc priests
  A jelly (D:8)
  2 orc wizards (D:4)
  An iguana (D:5)
  A worker ant (D:4)
  A howler monkey zombie (D:5)
  A worker ant zombie (D:8)
  A howler monkey skeleton (D:4)
  14 adders
  An ufetubus (D:8)
  3 oozes
  An adder skeleton (D:4)
  2 worms
  A dart slug (D:4)
  7 leopard geckos
  8 orcs
  6 giant cockroaches
  5 goblins
  11 hobgoblins
  9 jackals
  24 kobolds
  3 quokkas
  5 ball pythons
  3 bats
  3 frilled lizards
  A leopard gecko skeleton (D:8)
  9 rats
140 creatures vanquished.

Notes
Turn   | Place    | Note
-------+----------+-------------------------------------------
     0 | D:1      | kae the Draconian Transmuter began the quest for the Orb.
     0 | D:1      | Reached XP level 1. HP: 16/16 MP: 3/3
   135 | D:1      | Reached XP level 2. HP: 13/23 MP: 3/5
   963 | D:2      | Reached XP level 3. HP: 26/28 MP: 6/6
   968 | D:2      | Learned a level 3 spell: Spider Form
  1195 | D:2      | Reached skill level 1 in Poison Magic
  1658 | D:2      | Reached XP level 4. HP: 34/35 MP: 7/7
  2541 | D:3      | Noticed an ogre
  2712 | D:2      | Killed an ogre
  2713 | D:2      | Reached XP level 5. HP: 22/40 MP: 5/8
  3592 | D:3      | Found a runed translucent door.
  3593 | D:3      | Noticed Crazy Yiuf
  3633 | D:3      | Found a blossoming altar of Fedhas.
  3806 | D:3      | Killed Crazy Yiuf
  3977 | D:4      | Reached XP level 6. HP: 39/48 MP: 6/9
  4161 | D:4      | Found a glowing drain.
  4181 | Sewer    | Entered a sewer
  4583 | Sewer    | Reached skill level 4 in Unarmed Combat
  5282 | D:4      | Your scales start taking on an icy white colour.
  5282 | D:4      | Reached XP level 7. HP: 51/56 MP: 7/11
  5282 | D:4      | Gained mutation: Your flesh is cold resistant. (rC+) [White
                  | Draconian growth]
  5400 | D:4      | Found a runed translucent door.
  5400 | D:4      | Noticed a five-headed hydra
  5400 | D:4      | Noticed kae's ghost (amateur OpTm)
  5491 | D:4      | Found Amnoir's Book Shoppe.
  6205 | D:4      | Found Solig's Antique Armour Emporium.
  6213 | D:4      | Bought a glowing cloak for 157 gold pieces
  6610 | D:5      | Entered Level 5 of the Dungeon
  6642 | D:5      | Reached skill level 5 in Unarmed Combat
  7183 | D:5      | Found a staircase to the Ecumenical Temple.
  7190 | D:5      | You fall into a shaft and drop 3 floors!
  7287 | D:8      | Noticed Life0's ghost (novice TeBe)
  7309 | D:8      | Found a runed translucent door.
  7525 | D:8      | Found a hazy altar of Hepliaklqana.
  7553 | D:8      | Reached skill level 5 in Transmutations
  7553 | D:8      | Reached XP level 8. HP: 62/63 MP: 13/13
  7618 | D:8      | Reached skill level 6 in Unarmed Combat
  7927 | D:8      | Noticed a hornet
  7931 | D:8      | Paralysed by a hornet for 2 turns
  7937 | D:8      | Mangled by a hornet

Illustrated notes

Levels and vault maps discovered:
D:1:      saegor_arrival_simple_c, layout_loops_ring
D:2:      layout_basic, minmay_goblin_kobold_house
D:3:      layout_basic, nicolae_overflow_hidden_temple, uniq_crazy_yiuf_cottage
D:4:      layout_cave_pods, ebering_ghost_inner_flame, serial_shops,
          kennysheep_mini, nicolae_shop_trees, portal_sewer_entry_f,
          minmay_fractal_squares_gapless_5
D:5:      layout_rooms, minmay_temple_entry_offerings
D:8:      layout_basic, basic_altar, hellmonk_ghost_happy_afterlife

Skill      XL: |  1  2  3  4  5  6  7  8 |
---------------+-------------------------+-----
Dodging        | 2 3 |  3.7
Poison Magic   | 1 3 |  3.0
Transmutations | 3 4 5 |  5.3
Fighting       | 2 3 |  3.9
Unarmed Combat | 4 5 6 |  6.1
Spellcasting   | 3 |  3.8

Action                   |  1- 3 |  4- 6 |  7- 9 || total
-------------------------+-------+-------+-------++-------
Melee: Unarmed           |   102 |   243 |   153 ||   498
       Tailslap          |    15 |    10 |     2 ||    27
       Headbutt          |     8 |     5 |       ||    13
       Kick              |     4 |    11 |       ||    15
 Cast: Beastly Appendage |    18 |    19 |       ||    37
       Spider Form       |       |    17 |    23 ||    40
  Use: Potion            |       |     2 |     1 ||     3
       Scroll            |       |    11 |     3 ||    14
 Stab: Sleeping          |       |       |     1 ||     1
Armor: Skin              |    26 |    69 |    19 ||   114
Dodge: Dodged            |    80 |   181 |   140 ||   401

Table legend: (Time is in decaauts)
 A = Elapsed time spent in this place.
 B = Non-inter-level travel time spent in this place.
 C = Inter-level travel time spent in this place.
 D = Time resting spent in this place.
 E = Time spent auto-exploring this place.
 F = Levels seen in this place.
 G = Mean time per level.
                   A        B        C        D        E       F      G
               +--------+--------+--------+--------+--------+-----+--------+
         Total |   7977 |   7883 |     94 |   1031 |   5697 |   7 | 1139.6 |
       Dungeon |   6836 |   6742 |     94 |   1021 |   4764 |   6 | 1139.3 |
         Sewer |   1140 |   1140 |      0 |     10 |    932 |   1 | 1140.0 |
               +--------+--------+--------+--------+--------+-----+--------+

Top non-repeatable levels by time:
     D:3: 2205 daAuts
     D:2: 1345 daAuts
     D:4: 1315 daAuts
   Sewer: 1140 daAuts
     D:1: 914 daAuts
     D:8: 739 daAuts
     D:5: 316 daAuts
